 Dungeon Crawl Stone Soup version 0.22-a0-396-g3f858e3 (webtiles) character file.

0 ololoev the Magician (level 1, 11/11 HPs)
             Began as a Halfling Wizard on May 3, 2018.
             Quit the game on level 1 of the Dungeon.
             The game lasted 00:00:46 (142 turns).

ololoev the Magician (Halfling Wizard)               Turns: 142, Time: 00:00:46

Health: 11/11      AC:  2    Str:  8    XL:     1   Next: 11%
Magic:  0/3        EV: 14    Int: 16    God:
Gold:   43         SH:  0    Dex: 12    Spells: 3/4 levels left

rFire    . . .     SeeInvis .   f - -2 club (curse)
rCold    . . .     Gourm    .   (shield restricted)
rNeg     . . .     Faith    .   a - +0 robe
rPois    .         Spirit   .   b - +0 hat
rElec    .         Reflect  .   (no cloak)
rCorr    .         Harm     .   (no gloves)
MR       .....                  (no boots)
Stlth    ++........             (no amulet)
HPRegen  0.03/turn              (no ring)
MPRegen  0.08/turn              (no ring)

@: very slightly contaminated
A: small, mutation resistance 1
a: no special abilities


Innate Abilities, Weirdness & Mutations

You are small and have problems with some larger weapons.
You are somewhat resistant to further mutation.

Inventory:

Hand Weapons
 f - a cursed -2 club (weapon)
Armour
 a - a +0 robe (worn)
 b - a +0 hat (worn)
Scrolls
 c - a scroll of amnesia {unknown}
 e - a scroll of enchant weapon {unknown}
Comestibles
 d - a ration


   Skills:
 - Level 2.1 Dodging
 - Level 2.1 Stealth
 + Level 2.4 Spellcasting
 + Level 0.8 Conjurations
   Level 0.7 Summonings
   Level 1.1 Translocations


You had 3 spell levels left.
You knew the following spells:

 Your Spells              Type           Power        Failure   Level  Hunger
a - Magic Dart            Conj           #...         14%         1    #......


You were on level 1 of the Dungeon.
You were not hungry.

You visited 1 branch of the dungeon, and saw 1 of its levels.

You collected 43 gold pieces.

........#.....
.....#.......# #####+##
..... #......####.......
?.....#....h.##...#.....
......#......#..#...#'#.
......##hh...+.....##<##
.......#.h...+.....##>##
#.......#......#+#.
##@.....##.........
..#####......####.......
#.(.........## #####+##
#.####.#...............
#.#...............
#####.#...............
#.....................
#.....................
#.....................

Notes
Turn   | Place    | Note
-------+----------+-------------------------------------------
     0 | D:1      | ololoev the Halfling Wizard began the quest for the Orb.
     0 | D:1      | Reached XP level 1. HP: 11/11 MP: 3/3
   142 | D:1      | Quit the game

Dungeon Overview and Level Annotations

Branches:
Dungeon (1/15)

Altars:


Message History

You now have 43 gold pieces (gained 4). 2 jackals come into view.
The jackal barks!
Found a scroll labeled YRUTZU RYOCSA.
There is a large open door here.
You close the large door.
You open the large door.
There is a large open door here.
A bat comes into view.
Casting: Magic Dart (safe; 16% risk of failure)
Confirm with . or Enter, or press ? or * to list all spells.
Aiming: Magic Dart (safe; 16% risk of failure)
Press: ? - help, Shift-Dir - straight line, f - bat
Aim: a bat (resting)
The magic dart hits the bat.
The bat is moderately wounded.
Casting: Magic Dart (safe; 16% risk of failure)
Confirm with . or Enter, or press ? or * to list all spells.
Aiming: Magic Dart (safe; 16% risk of failure)
Press: ? - help, Shift-Dir - straight line, f/p - bat
Aim: a bat (moderately wounded)
The magic dart hits the bat.
The bat is moderately wounded.
Casting: Magic Dart (safe; 16% risk of failure)
Confirm with . or Enter, or press ? or * to list all spells.
Aiming: Magic Dart (safe; 16% risk of failure)
Press: ? - help, Shift-Dir - straight line, f/p - bat
Aim: a bat (moderately wounded)
The magic dart hits the bat.
You kill the bat!
You start resting.
Magic restored.
Found a leather armour and a club.
You see here a bat corpse.
You see here a leather armour.
There are no items here.
You see here a club.
f - a club Wield which item (- for none, * to show all)? (? for menu, Esc to quit)
It sticks to your hand!
f - a cursed -2 club (weapon)
A jackal comes into view.
Casting: Magic Dart (safe; 14% risk of failure)
Confirm with . or Enter, or press ? or * to list all spells.
Aiming: Magic Dart (safe; 14% risk of failure)
Press: ? - help, Shift-Dir - straight line, f - jackal
Aim: a jackal (hasn't noticed you)
The magic dart hits the jackal.
The jackal barks! x2; You hear a bark!
A jackal comes into view.
Casting: Magic Dart (safe; 14% risk of failure)
Confirm with . or Enter, or press ? or * to list all spells.
Aiming: Magic Dart (safe; 14% risk of failure)
Press: ? - help, Shift-Dir - straight line, f/p - jackal
Aim: a jackal You miscast Magic Dart.
You are very lightly contaminated with residual magic.
Nothing appears to happen.
The jackal barks!
Casting: Magic Dart (safe; 14% risk of failure)
Confirm with . or Enter, or press ? or * to list all spells.
Aiming: Magic Dart (safe; 14% risk of failure)
Press: ? - help, Shift-Dir - straight line, f/p - jackal
Aim: a jackal The magic dart hits the jackal.
Casting: Magic Dart (safe; 14% risk of failure)
Confirm with . or Enter, or press ? or * to list all spells.
You don't have enough magic to cast that spell.
No previous command to re-do.
No previous command to re-do.
No previous command to re-do.
No previous command to re-do.
No previous command to re-do.
No previous command to re-do.
No previous command to re-do.
No previous command to re-do.
No previous command to re-do.
No previous command to re-do.
No previous command to re-do.
Are you sure you want to abandon this character and quit the game? (Confirm with "yes".)

You could see 4 jackals.

Vanquished Creatures
  A bat (D:1)
1 creature vanquished.

Action                   || total
-------------------------++-------
 Cast: Magic Dart        ||     5

Vault maps used:
D:1:      dpeg_arrival_refuge
